 Dungeon Crawl Stone Soup version 0.31.0-11-ge490571c62 (webtiles) character file.

Game seed: 3990444137604453123

408 qw the Skirmisher (level 6, -1/35 HPs)
             Began as a Deep Elf Hunter on Feb 4, 2024.
             Slain by a crocodile zombie (11 damage)
             ... in an ossuary.
             The game lasted 00:00:14 (3409 turns).

qw the Skirmisher (Deep Elf Hunter)                 Turns: 3409, Time: 00:00:15

Health: -1/35      AC:  7    Str: 12    XL:     6   Next: 57%
Magic:  8/8        EV: 12    Int: 14    God:
Gold:   175        SH:  5    Dex: 25    Spells: 5/5 levels left

rFire   . . .        a - +0 shortbow
rCold   . . .        (shield currently unavailable)
rNeg    . . .        j - +0 ring mail
rPois   .            k - +0 helmet
rElec   .            (no cloak)
rCorr   .            h - +0 pair of gloves
SInv    .            (no boots)
Will    .....        l - amulet of Liuryem {Reflect Str+2 Dex+7 SH+5}
Stlth   ++           (no ring)
HPRegen 0.25/turn    (no ring)
MPRegen 0.11/turn

%: reflection
@: no status effects
A: no striking features
a: no special abilities


You were in an ossuary.
You visited 1 branch of the dungeon, and saw 5 of its levels.
You also visited: Ossuary.

You collected 175 gold pieces.


   Skills:
 - Level 2.0 Fighting
 + Level 9.8 Ranged Weapons
 - Level 1.0 Armour
 - Level 3.0 Dodging
 - Level 1.2 Stealth


You had 5 spell levels left.
You didn't know any spells.
Your spell library was empty.

Inventory:

Hand Weapons
 a - a +0 shortbow (weapon)
Armour
 h - a +0 pair of gloves (worn)
 j - a +0 ring mail (worn)
 k - a +0 helmet (worn)
Jewellery
 l - the amulet of Liuryem (around neck) {Reflect Str+2 Dex+7 SH+5}
   (You found it on level 3 of the Dungeon)

   [amulet of reflection]

   Reflect:   It reflects blocked missile attacks.
   Str+2:     It affects your strength (+2).
   Dex+7:     It affects your dexterity (+7).
   SH+5:      It affects your SH (+5).
Potions
 b - 4 potions of curing
 g - a potion of mutation {unknown}
 i - a potion of might
 o - a potion of enlightenment

Dungeon Overview and Level Annotations

Branches:
Dungeon (5/15)             Temple (0/1) D:5         Ossuary (1/1)

Altars:
Uskayaw
Xom
The Shining One

Annotations:
D:3 2 transporters, qw's ghost, amateur SpHu
D:4 1 runed translucent door, Crazy Yiuf


Message History

You shoot an arrow. The arrow hits the orc zombie!
You destroy the orc zombie!
You shoot an arrow. The arrow hits the orc zombie!
You destroy the orc zombie!
You start resting.
HP restored.
There is an open door here.
You open the door.
There is an open door here.
You open the door.
A crocodile zombie, a burial acolyte and an orc zombie come into view.
The burial acolyte shouts!
You shoot an arrow. The arrow hits the crocodile zombie.
The crocodile zombie is lightly damaged.
You block the crocodile zombie's attack.
You shoot an arrow. The arrow hits the crocodile zombie!
The crocodile zombie is moderately damaged.
The burial acolyte recites a funeral chant.
The crocodile zombie is empowered.
The orc zombie is empowered.
The crocodile zombie bites you!
You shoot an arrow. The arrow hits the crocodile zombie!
The crocodile zombie is severely damaged.
You shoot an arrow.
The arrow hits the crocodile zombie but does no damage.
The crocodile zombie is severely damaged.
The crocodile zombie bites you!
You shoot an arrow.
The arrow barely misses the crocodile zombie.
The arrow misses the burial acolyte.
The crocodile zombie no longer looks unusually strong.
The crocodile zombie is no longer moving quickly.
The crocodile zombie bites you.
You shoot an arrow.
The arrow barely misses the crocodile zombie.
The arrow hits the burial acolyte!
The burial acolyte is heavily wounded.
The orc zombie no longer looks unusually strong.
The orc zombie is no longer moving quickly.
The crocodile zombie bites you!
You die...

#...# ##'## #...#
#...# #...# #...#
### ############'#
+...#....'...#...#
#..pZ@...#...'...#
#..Z#....#...#...#
### ##############


You could see a burial acolyte, a crocodile zombie and an orc zombie.

Vanquished Creatures
  2 water moccasin zombies (Ossuary)
  A hound (D:4)
  A jelly (D:4)
  An iguana (D:5)
  An orc wizard (D:4)
  4 gnolls (D:2)
  7 adders
  An adder zombie (Ossuary)
  A ribbon worm (D:2)
  A dart slug (D:4)
  6 orcs
  4 bats
  7 endoplasms
  3 giant cockroaches
  4 goblins
  6 hobgoblins
  A quokka (D:1)
  7 ball pythons
  5 frilled lizards
  7 gnoll zombies (Ossuary)
  6 kobolds
  2 orc zombies (Ossuary)
  9 rats
87 creatures vanquished.

Notes
Turn   | Place    | Note
-------+----------+-------------------------------------------
     0 | D:1      | qw the Deep Elf Hunter began the quest for the Orb.
     0 | D:1      | Reached XP level 1. HP: 12/12 MP: 3/3
     0 | D:1      | 0 ||| qw: Version: 0.3-a-160-g6735b56
     0 | D:1      | 0 ||| qw: Game counter: 5319
     0 | D:1      | 0 ||| qw: Melee chars always use a shield: true
     0 | D:1      | 0 ||| qw: God list: Okawaru
     0 | D:1      | 0 ||| qw: Allow faded altars: false
     0 | D:1      | 0 ||| qw: Do Orc after clearing Dungeon:15 true
     0 | D:1      | 0 ||| qw: Do second Lair branch before Depths: true
     0 | D:1      | 0 ||| qw: Lair rune preference: random
     0 | D:1      | 0 ||| qw: Goals: Normal
     0 | D:1      | 0 ||| PLANNING D:1-11
   230 | D:1      | Reached skill level 6 in Ranged Weapons
   230 | D:1      | Reached XP level 2. HP: 16/16 MP: 4/4
   482 | D:1      | You fall into a shaft and drop 1 floor!
   507 | D:2      | 507 ||| UPGRADING to +0 ring mail.
   517 | D:2      | 517 ||| DROPPING +0 leather armour.
   518 | D:2      | 518 ||| UPGRADING to +0 helmet.
   523 | D:2      | 523 ||| READING scroll labelled MEIQ ALLICS.
   554 | D:2      | 554 ||| READING 3 scrolls labelled UCIAPN QUHAXU.
   555 | D:2      | 555 ||| READING scroll labelled VAASOMASIW.
   656 | D:2      | 656 ||| DRINKING 2 viscous cyan potions.
   657 | D:2      | 657 ||| DROPPING scroll of butterflies.
   658 | D:2      | 658 ||| DROPPING 2 scrolls of amnesia.
  1015 | D:2      | Reached XP level 3. HP: 11/20 MP: 5/5
  1021 | D:2      | Reached skill level 7 in Ranged Weapons
  1092 | D:2      | Reached XP level 4. HP: 16/25 MP: 6/6
  1236 | D:2      | Found a shimmering altar of Xom.
  1494 | D:2      | 1494 ||| READING scroll labelled FUTHRA ZEVEOHEJ.
  1494 | D:2      | 1494 ||| IDENTIFYING smoky coppery potion
  1495 | D:2      | 1495 ||| READING scroll labelled WANAIGR XEGRUDD.
  1496 | D:2      | 1496 ||| READING scroll labelled RUQAODGHIMEN.
  1497 | D:2      | 1497 ||| READING scroll labelled ZERCHY YR ZYUNT.
  1501 | D:2      | 1501 ||| DRINKING 2 red potions.
  1502 | D:2      | 1502 ||| DROPPING potion of degeneration.
  1655 | D:3      | Reached skill level 8 in Ranged Weapons
  1720 | D:3      | Noticed an ogre
  1721 | D:3      | Found a transporter.
  1721 | D:3      | Noticed qw's ghost (amateur SpHu)
  1722 | D:3      | Noticed an ogre
  1723 | D:3      | Found a transporter.
  1802 | D:3      | Found a hide-covered altar of Uskayaw.
  1829 | D:3      | Identified the amulet of Liuryem {Reflect Str+2 Dex+7 SH+5}
  1885 | D:3      | Found a faded altar of an unknown god.
  2213 | D:3      | 2213 ||| UPGRADING to +0 pair of gloves.
  2218 | D:3      | 2218 ||| UPGRADING to amulet of Liuryem {Reflect Str+2
                  | Dex+7 SH+5}.
  2223 | D:3      | 2223 ||| READING 2 scrolls of identify.
  2223 | D:3      | 2223 ||| IDENTIFYING white potion
  2224 | D:3      | 2224 ||| READING scroll of identify.
  2224 | D:3      | 2224 ||| IDENTIFYING smoky purple potion
  2225 | D:3      | 2225 ||| READING 2 scrolls labelled EDUCRES FUPH.
  2226 | D:3      | 2226 ||| DRINKING 2 bubbling pink potions.
  2227 | D:3      | 2227 ||| DRINKING 2 fizzy orange potions.
  2228 | D:3      | 2228 ||| DRINKING 2 silvery potions.
  2229 | D:3      | 2229 ||| DROPPING scroll of blinking.
  2230 | D:3      | 2230 ||| DROPPING potion of invisibility.
  2231 | D:3      | 2231 ||| DROPPING potion of attraction.
  2232 | D:3      | 2232 ||| DROPPING potion of brilliance.
  2404 | D:4      | Found a glowing golden altar of the Shining One.
  2559 | D:4      | Reached XP level 5. HP: 29/29 MP: 7/7
  2717 | D:4      | Reached skill level 3 in Dodging
  2826 | D:4      | Reached skill level 9 in Ranged Weapons
  3176 | D:4      | Found a runed translucent door.
  3177 | D:4      | Noticed Crazy Yiuf
  3180 | D:4      | 3180 ||| READING scroll labelled CORIEKHLAREM.
  3246 | D:5      | Entered Level 5 of the Dungeon
  3247 | D:5      | 3247 ||| PLANNING OSSUARY
  3257 | D:5      | 3257 ||| RETREEEEATING.
  3258 | D:5      | 3258 ||| RETREEEEATING.
  3259 | D:5      | 3259 ||| RETREEEEATING.
  3260 | D:5      | 3260 ||| RETREEEEATING.
  3261 | D:5      | 3261 ||| RETREEEEATING.
  3273 | D:5      | Reached XP level 6. HP: 10/35 MP: 8/8
  3273 | D:5      | HP: 7/35 [centaur zombie (3)]
  3274 | D:5      | 3274 ||| READING scroll of teleportation.
  3275 | D:5      | 3275 ||| DRINKING potion of heal wounds.
  3278 | D:5      | Found a staircase to the Ecumenical Temple.
  3291 | D:5      | Found a sand-covered staircase.
  3296 | Ossuary  | Entered an ossuary
  3302 | Ossuary  | Reached skill level 1 in Armour
  3409 | Ossuary  | Slain by a crocodile zombie

Levels and vault maps discovered:
D:1:      scummos_arrival_simple_fountains, layout_loops_corners
D:2:      layout_rooms, basic_altar, grunt_ministairs_4, minmay_pentomino_r2
D:3:      minmay_angry_zag, layout_basic, mainiacjoe_overflow_surrounded_room,
          chequers_ecumenical_altar_twisty, gammafunk_ghost_smash
D:4:      layout_basic, tso_oasis_becter, uniq_crazy_yiuf_cottage
D:5:      layout_cave_pools, regret_index_kikubaaqudgha_part_by_part,
          minmay_temple_entry_large_hall, enter_ossuary_2, serial_undead,
          serial_undead_c, serial_undead_c, serial_undead_a, serial_undead_c,
          st_stairs_12, water_maze_lemuel, uniq_edmund, uniq_ijyb
Ossuary:  ossuary_tomb_2

Skill      XL: |  1  2  3  4  5  6 |
---------------+-------------------+-----
Ranged Weapons | 6 7 8 9 |  9.8
Dodging        | 3 |  3.0
Fighting       | 2 |  2.0
Armour         | 1 |  1.0
Stealth        | |  1.2

Action                     |  1- 3 |  4- 6 || total
---------------------------+-------+-------++-------
   Fire: Shortbow          |    77 |   180 ||   257
    Use: Scroll            |     3 |     9 ||    12
         Potion            |     1 |     5 ||     6
 Armour: Ring mail         |    20 |    41 ||    61
         Leather armour    |     1 |       ||     1
  Dodge: Dodged            |    33 |    47 ||    80
  Block: Other             |       |    20 ||    20

Table legend:
 A = Non-vault XP
 B = Vault XP
 C = Vault XP percentage of total XP
 D = Non-vault monster count
 E = Vault monster count
 F = Vault count percentage of total count
                 A         B        C        D         E       F
            +---------+---------+-------+---------+---------+-------
      Total |     382 |     201 |  34.5 |      68 |      19 |  21.8
            +---------+---------+-------+---------+---------+-------
        D:1 |      35 |       0 |   0.0 |      23 |       0 |   0.0
        D:2 |      85 |      17 |  16.7 |      14 |       3 |  17.6
        D:3 |      32 |       7 |  17.9 |      12 |       4 |  25.0
        D:4 |     182 |       0 |   0.0 |      17 |       0 |   0.0
        D:5 |      48 |       0 |   0.0 |       2 |       0 |   0.0
    Ossuary |       0 |     177 | 100.0 |       0 |      12 | 100.0
            +---------+---------+-------+---------+---------+-------
